Unix NetHack Version 3.7.0-66 Work-in-progress - last build Dec 5 2022 03:26:57 (dbea811729ade750c4c0c7f8ab6145c62533a6e7,branch:master). Game began 2022-12-15 12:01:04, ended 2022-12-15 12:48:04. doomcircle, chaotic male elven Wizard ------------ |...........# ----- -------- ...........|# #....| #.<...... |..|.......|# #|{...### #|......| |...[......|# #|(..| ####...^...[# |..........|# #--.-- #--------# --.---------# # # # # ### # #### # # ##### # ### --------- # # # # ######## ### |.....>.| # # # ## ## ### |........### ## # #a###f####### |.......| #### # 0 ( # --------- # ---------0 .. # ##-.......|# ..... # |.......|# ...$.. ### |.......-# -------- #.<. --------- --- Doomcircle the Conjurer St:13 Dx:13 Co:14 In:20 Wi:7 Ch:11 Chaotic S:1372 Dlvl:7 $:56 HP:0(27) Pw:20(51) AC:8 Xp:5/254 T:3116 Latest messages: You are in full health. You hear some noises. Your legs feel better. Your movements are now unencumbered. You stop searching. You are still in a pit. You are still in a pit. You are still in a pit. You are still in a pit. You crawl to the edge of the pit. There is a doorway here. You see here an iron skull cap. You see here a banded mail. You hear bubbling water. You are beginning to feel hungry. What do you want to eat? [pFGP or ?*] ? Ugh. Rotten egg. What do you want to eat? [pFGP or ?*] G Ugh. Rotten egg. You are feeling mildly nauseated. You feel slightly confused. You can't seem to think straight. You feel less confused now. You stop searching. You feel incredibly sick. You are about to vomit. You feel a bit steadier now. You stop searching. You feel less confused now. You vomit! You can move again. The soldier ant bites! The soldier ant stings! The soldier ant just misses! The soldier ant stings! In what direction? b The spell hits the soldier ant! You kill the soldier ant! In what direction? h The spell hits the soldier ant! The soldier ant misses! The soldier ant stings! The soldier ant's sting was poisoned! The soldier ant bites! You die... Do you want your possessions identified? [ynq] (y) y Do you want to see your attributes? [ynq] (y) y Do you want an account of creatures vanquished? [ynaq] (y) y Do you want to see your conduct and achievements? [ynq] (y) y Do you want to see the dungeon overview? [ynq] (y) y Inventory: Coins $ - 56 gold pieces Weapons q - a +0 dagger named !c (at the ready) N - a +0 dagger named !c (weapon in hand) r - a +0 orcish dagger named !c a - a blessed +1 quarterstaff Armor o - a blessed +0 pair of low boots (being worn) b - an uncursed +0 cloak of magic resistance (being worn) Comestibles F - an uncursed slime mold P - an uncursed food ration p - 3 uncursed lichen corpses Scrolls H - an uncursed scroll of amnesia v - an uncursed scroll of destroy armor A - a blessed scroll of enchant armor t - 2 uncursed scrolls of enchant weapon O - an uncursed scroll of fire k - an uncursed scroll of food detection j - an uncursed scroll of gold detection z - a blessed scroll of identify i - an uncursed scroll of identify E - 2 uncursed scrolls of identify s - an uncursed scroll of magic mapping K - an uncursed scroll of remove curse w - an uncursed scroll of scare monster Spellbooks x - an uncursed spellbook of cone of cold l - a blessed spellbook of force bolt I - an uncursed spellbook of invisibility m - an uncursed spellbook of light Potions J - an uncursed potion of healing g - an uncursed potion of monster detection L - a blessed potion of object detection f - an uncursed potion of oil Rings d - an uncursed +1 ring of protection e - an uncursed ring of regeneration Wands c - a wand of make invisible (0:3) C - a wand of striking named striking? (0:6) Tools n - an uncursed bugle B - an uncursed pair of lenses Gems/Stones M - an uncursed worthless piece of yellowish brown glass Doomcircle the Wizard's attributes: Background: You were a Conjurer, a level 5 male elven Wizard. You were chaotic, nominally on a mission for Anhur who was opposed by Ptah (lawful) and Thoth (neutral). You were in the Dungeons of Doom, on level 7. You entered the dungeon 3116 turns ago. You had 254 experience points, 66 more were needed to attain level 6. Your score was 1372 before end-of-game adjustments. Basics: You had 0 out of 27 hit points. You had 20 out of 51 energy points (spell power). Your armor class was 8. Your wallet contained 56 zorkmids. Autopickup was off. Final Characteristics: Your strength was 13 (limit:18). Your dexterity was 13 (limit:18). Your constitution was 14 (limit:16). Your intelligence was 20 (limit:20). Your wisdom was 7 (limit:20). Your charisma was 11 (limit:18). Final Status: You were not hungry. You were unencumbered. You were wielding a dagger. You had basic skill with dagger. Final Attributes: You were piously aligned. You were magic-protected. You were sleep resistant. You were telepathic. You had infravision. You were invisible. You were warded. You are dead. Miscellaneous: You never encountered a bones level. Total elapsed playing time was 46 minutes and 58 seconds. Major events: Turn 1: doomcircle the chaotic male elven Wizard entered the dungeon 653: attained the rank of Conjurer (level 3) 3116: killed by a soldier ant Vanquished creatures: a raven a soldier ant a wood nymph a yellow light a gnome leader 2 floating eyes a kitten 2 kobold leaders a rothe a giant bat a dwarf zombie 2 wererats a werejackal 2 iguanas 2 acid blobs 2 hobbits 2 manes a large kobold a giant rat a cave spider a yellow mold a green mold 2 garter snakes 2 geckos 3 jackals 2 foxes 4 goblins a sewer rat 2 bats 5 lichens a kobold zombie 5 newts 56 creatures vanquished. No species were genocided or became extinct. Voluntary challenges: You were an atheist. You read items or engraved 3 times. You never engraved Elbereth. You never genocided any monsters. You never polymorphed an object. You never changed form. You used no wishes. Achievements: You attained the rank of Conjurer. You entered a shop. The Dungeons of Doom: levels 1 to 7 Level 1: A sink. Level 2: A grave. Level 3: An armor shop. Level 4: A fountain, a sink. Level 5: Some fountains. Level 6: Many fountains. Level 7: <- You were here. A fountain, a grave. Final resting place for you, killed by a soldier ant. Game over: ---------- / \ / REST \ / IN \ / PEACE \ / \ | doomcircle | | 56 Au | | killed by a | | soldier ant | | | | | | 2022 | *| * * * | * _________)/\\_//(\/(/\)/\//\/|_)_______ Goodbye doomcircle the Wizard... You died in The Dungeons of Doom on dungeon level 7 with 1367 points, and 56 pieces of gold, after 3116 moves. You were level 5 with a maximum of 27 hit points when you died.